 Dungeon Crawl Stone Soup version 0.23-a0-396-g5214e5f (webtiles) character file.

32 galech the Skirmisher (level 3, 0/29 HPs)
             Began as a Demonspawn Fighter on Nov 2, 2018.
             Slain by Natasha (1 damage)
             ... on level 2 of the Dungeon.
             The game lasted 00:01:06 (895 turns).

galech the Skirmisher (Demonspawn Fighter)           Turns: 895, Time: 00:01:08

Health: 0/29       AC:  6    Str: 16    XL:     3   Next: 10%
Magic:  0/3        EV:  7    Int:  9    God:
Gold:   74         SH:  9    Dex: 13    Spells: 2/2 levels left

rFire    . . .     SeeInvis .   a - +0 war axe
rCold    . . .     Gourm    .   c - +0 shield
rNeg     . . .     Faith    .   b - +0 scale mail
rPois    .         Spirit   +   (no helmet)
rElec    .         Reflect  .   (no cloak)
rCorr    .         Harm     .   (no gloves)
MR       .....                  (no boots)
Stlth    ..........             (no amulet)
HPRegen  0.09/turn              (no ring)
MPRegen  0.08/turn              (no ring)

@: no status effects
A: talons 1, magic shield
a: no special abilities


You were on level 2 of the Dungeon.
You were not hungry.

You visited 1 branch of the dungeon, and saw 2 of its levels.

You collected 74 gold pieces.

Inventory:

Hand Weapons
 a - a +0 war axe (weapon)
Armour
 b - a +0 scale mail (worn)
 c - a +0 shield (worn)
Scrolls
 g - 2 scrolls of remove curse {unknown}
 i - a scroll of blinking {unknown}
 j - a scroll of fear {unknown}
 k - a scroll of identify {unknown}
 l - 2 scrolls of teleportation {unknown}
Potions
 d - 2 potions of might
 e - a potion of magic {unknown}
Comestibles
 f - 3 rations


   Skills:
 + Level 3.2 Fighting
 + Level 2.2 Axes
 + Level 2.9 Armour
 + Level 0.1 Dodging
 + Level 3.2 Shields


You had 2 spell levels left.
You didn't know any spells.
Your spell library was empty.

Dungeon Overview and Level Annotations

Branches:
Dungeon (2/15)

Altars:

Annotations:
D:2 Natasha


Innate Abilities, Weirdness & Mutations

You have sharp toenails.
When hurt, damage is shared between your health and your magic reserves.


Message History

The crimson imp barely misses you. Natasha claws you.
The crimson imp closely misses you.
You closely miss Natasha.
Natasha is almost dead.
You hit the crimson imp but do no damage.
Natasha casts a spell.
The crimson imp hits you but does no damage.
Your shield and scale mail prevent you from hitting Natasha.
You claw Natasha.
Natasha is almost dead.
You closely miss the crimson imp.
Natasha mumbles some strange words.
Natasha shimmers violently.
You block Natasha's attack.
The crimson imp hits you but does no damage.
The shadow imp gestures at you. Pain shoots through your body!
* * * LOW HITPOINT WARNING * * *
Natasha claws you.
You die...

##.......##
#.........#
+.........+
#.........#
#....5..#
#.....# #h..#
#@# #5# #####.#
#...#.##
####......##
...........####
#..............[
#........#####.#
.......#.##


You could see Natasha, a crimson imp and a shadow imp.

Vanquished Creatures
  An ooze (D:1)
  3 dart slugs (D:1)
  A giant cockroach (D:1)
  3 goblins (D:1)
  2 hobgoblins
  4 jackals (D:1)
  2 bats (D:1)
  3 frilled lizards (D:1)
  3 rats (D:1)
22 creatures vanquished.

Notes
Turn   | Place    | Note
-------+----------+-------------------------------------------
     0 | D:1      | galech the Demonspawn Fighter began the quest for the Orb.
     0 | D:1      | Reached XP level 1. HP: 18/18 MP: 1/1
   129 | D:1      | Gained mutation: When hurt, damage is shared between your
                  | health and your magic reserves. [demonic ancestry]
   129 | D:1      | Reached XP level 2. HP: 23/24 MP: 2/2
   477 | D:1      | Gained mutation: You have sharp toenails. [demonic
                  | ancestry]
   477 | D:1      | Reached XP level 3. HP: 25/29 MP: 3/3
   883 | D:2      | Noticed Natasha
   895 | D:2      | HP: 1/29 [shadow imp/nerve-wracking pain[Natasha] (11)]
   895 | D:2      | Slain by Natasha

Vault maps used:
D:1:      dpeg_arrival_refuge, minmay_misc_feat_iff
D:2:      lemuel_doored_altar, marbit_many_paths, minivault_27,
          cheibrodos_gnoll_hut, uniq_sigmund, uniq_natasha

Skill      XL: |  1  2 |
---------------+-------+-----
Shields        | 3 |  3.2
Axes           | 2 |  2.2
Fighting       | |  3.2
Armour         | |  2.9
Dodging        | |  0.1

Action                   || total
-------------------------++-------
Melee: War axe           ||    85
       Kick              ||     4
Armor: Scale mail        ||    67
Dodge: Dodged            ||    31
Block: Shield            ||    46

Table legend:
 A = Non-vault XP
 B = Vault XP
 C = Vault XP percentage of total XP
 D = Non-vault monster count
 E = Vault monster count
 F = Vault count percentage of total count
                 A         B        C        D         E       F
            +---------+---------+-------+---------+---------+-------
      Total |      47 |       0 |   0.0 |      22 |       0 |   0.0
            +---------+---------+-------+---------+---------+-------
        D:1 |      45 |       0 |   0.0 |      21 |       0 |   0.0
        D:2 |       2 |       0 |   0.0 |       1 |       0 |   0.0
            +---------+---------+-------+---------+---------+-------
